AoeStats
← fROG

Migration

506395532Analyzed
1v1 RM · 18d ago on Sep 13, 2026· 51m 13s· 2 players
Game mode
Random Map
Map size
132×132
Population
200
Speed
Normal
Resources
Standard
Victory
Conquest
Starting age
Dark Age
Ending age
Imperial Age
RankedLock teamsTeams togetherTeam positionsShared explorationLock speedFull tech treeHidden civsTurbo modeCheats
Victory
Defeat
🇨🇳 Cumans · China
485
+16
🇧🇷 Vietnamese · Brazil
481
-26
fROG
12:13 Feudal Age
19:11 Gold Mining
19:09 Double-Bit Axe
21:19 Horse Collar
24:28 Padded Archer Armor
24:19 Fletching
29:35 Castle Age
30:22 Stone Mining
30:45 Bow Saw
30:10 Crossbowman
30:57 Thumb Ring
30:28 Pikeman
32:15 Arson
32:51 Leather Archer Armor
32:32 Bodkin Arrow
33:46 Medium Warships
33:18 Fishing Lines
40:41 Stone Shaft Mining
41:53 Scale Mail Armor
42:07 Forging
47:24 Imperial Age
48:13 Arbalester
neword7
10:57 Feudal Age
11:33 Double-Bit Axe
11:32 Horse Collar
16:35 Gold Mining
19:36 Wheelbarrow
18:47 Town Watch
18:48 Loom
20:58 Bloodlines
24:47 Castle Age
22:43 Stone Mining
23:38 Fletching
23:48 Padded Archer Armor
23:59 Forging
23:49 Scale Mail Armor
23:55 Scale Barding Armor
26:45 Hand Cart
26:30 Town Patrol
27:27 Medium Warships
26:38 Demolition Ship
28:56 Town Patrol
29:51 Gold Shaft Mining
29:18 Heavy Plow
29:31 Bow Saw
30:42 Iron Casting
30:22 Chain Mail Armor
30:27 Chain Barding Armor
30:07 Bodkin Arrow
30:33 Chain Barding Armor
33:19 Leather Archer Armor
33:19 Chain Mail Armor
33:40 Iron Casting
33:35 Ballistics
36:17 Steppe Husbandry
38:53 Imperial Age
37:21 Murder Holes
37:17 Heated Shot
37:38 Clinker Construction
40:00 Masonry
40:51 Chemistry
40:01 Careening
40:24 Ring Archer Armor
40:25 Plate Mail Armor
40:46 Cavalier
40:51 Light Cavalry
41:45 Bloodlines
44:37 Blast Furnace
44:12 Plate Barding Armor
44:06 Pikeman
44:06 Man-at-Arms
44:48 Squires
44:34 Arson
49:11 Paladin
51:42 Steppe Husbandry
51:43 Cuman Mercenaries
51:04 Elite Kipchak
52:20 Hoardings
51:15 Sappers
52:06 Conscription
Connection lost

Rejoining the realm…

Still unreachable

The connection could not be restored.

Session expired

The server has moved on; the page needs a fresh start.